 Dungeon Crawl Stone Soup version 0.19-a0-291-ga637243 (webtiles) character file.

46 namelastname112 the Sneak (level 3, -5/22 HPs)
             Began as a Kobold Assassin on May 27, 2016.
             Slain by a worm (11 damage)
             ... on level 2 of the Dungeon.
             The game lasted 00:01:39 (1495 turns).

namelastname112 the Sneak (Kobold Assassin)         Turns: 1495, Time: 00:01:40

Health: -5/22      AC:  5    Str:  9    XL:     3   Next: 92%
Magic:  3/3        EV: 15    Int: 14    God:
Gold:   76         SH:  0    Dex: 18    Spells: 0 memorised, 2 levels left

rFire  . . .     SeeInvis .     x - +1 dagger (holy)
rCold  . . .     Gourm    .     p - +0 leather armour
rNeg   . . .     Faith    .     (shield restricted)
rPois  .         Spirit   .     (no helmet)
rElec  .         Dismiss  .     d - +0 cloak
rCorr  .         Reflect  .     (no gloves)
SustAt .         Harm     .     v - +0 pair of boots
MR     .....                    (no amulet)
Stlth  +++.......               (no ring)
                                r - +5 ring of intelligence

@: not resistant to hostile enchantments, fairly stealthy
A: carnivore 3
a: no special abilities


You were on level 2 of the Dungeon.
You were very full.

You visited 1 branch of the dungeon, and saw 2 of its levels.

You collected 76 gold pieces.

Inventory:

Hand Weapons
 b - a +0 blowgun
 x - a +1 dagger of holy wrath (weapon)
Missiles
 e - 8 poisoned needles
 f - 2 curare-tipped needles
Armour
 d - a +0 cloak (worn)
 p - a +0 leather armour (worn)
 v - a +0 pair of boots (worn)
Jewellery
 r - a +5 ring of intelligence (left hand)
Scrolls
 c - 2 scrolls of identify {unknown}
 h - a scroll of enchant armour {unknown}
 j - a scroll of amnesia {unknown}
 k - a scroll of immolation {unknown}
 n - a scroll of remove curse {unknown}
 t - a scroll of blinking {unknown}
 u - a scroll of teleportation {unknown}
 w - a scroll of fog {unknown}
Potions
 i - a potion of lignification {unknown}
 l - 2 potions of flight {unknown}
 m - 3 potions of curing {unknown}
 q - 2 potions of brilliance {unknown}
 s - a potion of invisibility {unknown}
Comestibles
 g - a meat ration
 o - a slice of pizza


   Skills:
 + Level 2.5 Fighting
 + Level 3.1 Short Blades
 + Level 2.6 Throwing
 + Level 0.7 Armour
 + Level 2.3 Dodging
 + Level 5.6 Stealth


You had 2 spell levels left.
You didn't know any spells.

Dungeon Overview and Level Annotations

Branches:
Dungeon (2/15)

Altars:
Gozag


Innate Abilities, Weirdness & Mutations

You are small and have problems with some larger weapons.
You are carnivorous and can eat meat at any time.


Message History

You are too injured to fight recklessly!
You are too injured to fight recklessly!
You are too injured to fight recklessly!
You take 11 damage, and have 6/22 hp.
MASSIVE DAMAGE!!
You are too injured to fight recklessly!
You are too injured to fight recklessly!
You are too injured to fight recklessly!
You are too injured to fight recklessly!
You are too injured to fight recklessly!
You are too injured to fight recklessly!
You are too injured to fight recklessly!
A worm is nearby!
You are too injured to fight recklessly!
You hit the worm.
The worm is heavily wounded.
You barely miss the worm.
The worm is heavily wounded.
The worm bites you!
Ouch! That really hurt!
You die...

#.# .# # ## #.#
.# # .## #.# .#
..##### #)# .#
......# #.# .#
..###.#
#.####.# .##
#.# #......# .#
#.# #####..# .#
#.#### #@.# ##
#.#.........w.#
#####
#.#.#########.#
..... #.#.## ..
>....
#....##### ###
#####
#.........
##...#####
##.## #.#


You could see a worm.

Vanquished Creatures
  An adder (D:2)
  A worm (D:2)
  2 dart slugs (D:1)
  2 giant geckos
  A giant cockroach (D:1)
  3 hobgoblins
  6 jackals (D:1)
  5 bats
  3 giant newts
  2 goblins (D:2)
  2 rats
28 creatures vanquished.

Vanquished Creatures (others)
  A jackal (D:1)
  A rat (D:1)
2 creatures vanquished.

Grand Total: 30 creatures vanquished

Notes
Turn   | Place    | Note
--------------------------------------------------------------
     0 | D:1      | namelastname112 the Kobold Assassin began the quest for the Orb.
     0 | D:1      | Reached XP level 1. HP: 12/12 MP: 1/1
   106 | D:1      | Reached XP level 2. HP: 5/17 MP: 2/2
   487 | D:1      | Reached XP level 3. HP: 22/22 MP: 3/3
   979 | D:2      | Found an opulent altar of Gozag.
  1495 | D:2      | Slain by a worm

Vault maps used:
D:1:      lemuel_arrival_funnel, hangedman_decor_growths, hex_tiny,
          lemuel_old_faithful
D:2:      grunt_gozag_statues

Skill      XL: |  1  2 |
---------------+-------+-----
Short Blades   | 3 |  3.1
Dodging        | 2 |  2.3
Fighting       | |  2.5
Throwing       | |  2.6
Armour         | |  0.7
Stealth        | |  5.6

Action                   || total
-------------------------++-------
Melee: Dagger            ||   120
 Stab: Sleeping          ||     8
  Eat: Chunk             ||     8
Armor: Robe              ||    16
       Leather armour    ||     7
Dodge: Dodged            ||    68
